 Dungeon Crawl Stone Soup version 0.16.1-2-g95b8d4c (webtiles) character file.

196 FlamingWeapons the Shield-Bearer (level 6, -3/39 HPs)
             Began as a Halfling Wanderer on Mar 25, 2015.
             Slain by Grinder (6 damage)
             ... while paralysed by Grinder
             ... on level 3 of the Dungeon.
             The game lasted 00:15:34 (3289 turns).

FlamingWeapons the Shield-Bearer (HaWn)             Turns: 3289, Time: 00:15:34

Health: -3/39      AC:  4    Str: 13    XL:     6   Next: 4%
Magic:  0/9        EV:  3    Int: 13    God:
Gold:   94         SH:  0    Dex: 13    Spells: 2 memorised, 5 levels left

rFire  . . .     SeeInvis .     a - +2 short sword
rCold  . . .     Clarity  .     u - +1 animal skin
rNeg   . . .     SustAb   .     k - +0 buckler
rPois  .         Gourm    .     v - +0 helmet
rElec  .         Spirit   +     (no cloak)
rCorr  .         Warding  .     (no gloves)
rMut   .         Stasis   .     (no boots)
MR     .....                    m - amulet of guardian spirit
Stlth  ++........               (no ring)
                                (no ring)

@: paralysed, very slightly contaminated, not resistant to hostile enchantments,
unstealthy
A: mutation resistance 1
a: no special abilities


You were on level 3 of the Dungeon.
You were very hungry.

You visited 1 branch of the dungeon, and saw 4 of its levels.

You collected 94 gold pieces.

Inventory:

Hand weapons
 a - a +2 short sword (weapon)
 b - a +0 hunting sling {b}
 t - a +2 falchion of electrocution
Missiles
 g - 81 stones (quivered)
 n - 13 bolts
 q - 8 curare-tipped needles
Armour
 d - a +0 robe
 k - a +0 buckler (worn)
 p - a +1 chain mail of poison resistance
 u - a +1 animal skin (worn)
 v - a +0 helmet (worn)
Jewellery
 m - an amulet of guardian spirit (around neck)
Magical devices
 y - a wand of digging (5)
Scrolls
 e - 2 scrolls of identify {unknown}
 h - 3 scrolls of remove curse {unknown}
 j - a scroll of recharging {unknown}
 o - a scroll of immolation {unknown}
 w - a scroll of teleportation {unknown}
 x - a scroll of enchant armour {unknown}
Potions
 i - a potion of heal wounds
 s - a potion of lignification {unknown}
 z - a potion of brilliance {unknown}
 A - a potion of haste {unknown}
Books
 c - Olgreb's Volume of Venom

   Spells                             Type                      Level
   a - Sting                          Conjuration/Poison           1
   b - Cure Poison                    Poison                       2
 l - Zeulamy's Compendium of Displacement

   Spells                             Type                      Level
   a - Shroud of Golubria             Charms/Translocation         2
   b - Blink                          Translocation                2
 r - a book of Unlife

   Spells                             Type                      Level
   a - Recall                         Summoning/Translocation      3
   b - Animate Dead                   Necromancy                   4
   c - Control Undead                 Necromancy                   4
   d - Cigotuvi's Embrace             Necromancy                   5
   e - Death Channel                  Necromancy                   6
   f - Simulacrum                     Ice/Necromancy               6
Comestibles
 f - 3 bread rations


   Skills:
 - Level 1.7 Fighting
 - Level 4.2 Short Blades
 - Level 1.3 Throwing
 - Level 1.1 Dodging
 - Level 1.1 Stealth
 * Level 4.4 Shields
 - Level 1.5 Spellcasting
 - Level 0.4 Conjurations
   Level 1.1 Air Magic
 - Level 1.0 Poison Magic


You had 5 spell levels left.
You knew the following spells:

 Your Spells              Type           Power        Failure   Level  Hunger
a - Sting                 Conj/Pois      #...         24%         1    ##.....
b - Shroud of Golubria    Chrm/Tloc      #.........   54%         2    ###....


Dungeon Overview and Level Annotations

Branches:
Dungeon (4/15)
 Temple: D:4-7

Altars:

Annotations:
D:3 Grinder


Innate Abilities, Weirdness & Mutations

You are small and have problems with some larger weapons.
You are somewhat resistant to further mutation.


Message History

You miscast Shroud of Golubria.
Space twists in upon itself!
You are feeling very hungry.
A spatial vortex comes into view.
Grinder gestures at you. You resist with significant effort.
You hit Grinder.
Grinder is moderately wounded.
Grinder gestures at you.
You suddenly lose the ability to move!
Grinder hits you!
You writhe in agony.
Grinder hits you.
* * * LOW HITPOINT WARNING * * *
You writhe in agony.
* * * LOW HITPOINT WARNING * * *
Grinder hits you.
* * * LOW HITPOINT WARNING * * *
Grinder hits you but does no damage. Grinder barely misses you.
Grinder hits you!
You die...

...####..........#.....#
<### #.#...........####
.# #.##...........## .##
..####.##.#..<..# ..#
#.#####.##.##..#.#######
#.# #.
#....%.##..........# ...
.. #......##..........#
.....#
#.....v##..........#
#....
#......@5..........#
....
#...[..##..........# ##.
#......##..........#
#...(.>#...#########
.?.......#. .. #..?.##
.# ..... .. ### ##


You could see a spatial vortex and Grinder.

Vanquished Creatures
  A giant frog (D:2)
  A centaur skeleton (D:3)
  Robin (D:2)
  A gnoll (D:1)
  2 worms (D:2)
  2 giant geckos (D:1)
  5 bats
  4 giant cockroaches
  13 goblins
  10 hobgoblins
  2 jackals
  2 ball pythons (D:1)
  4 kobolds
  7 rats
  A bush (D:1)
56 creatures vanquished.

Vanquished Creatures (others)
  Terence (D:2)
1 creature vanquished.

Grand Total: 57 creatures vanquished

Notes
Turn   | Place    | Note
--------------------------------------------------------------
     0 | D:1      | FlamingWeapons, the Halfling Wanderer, began the quest for the Orb.
     0 | D:1      | FlamingWeapons set off with: a +2 short sword, Zeulamy's Compendium of Displacement, Olgreb's Volume of Venom, a +0 robe, a bread ration
     0 | D:1      | Reached XP level 1. HP: 14/14 MP: 2/2
   148 | D:1      | Reached skill level 2 in Short Blades
   172 | D:1      | Reached skill level 3 in Short Blades
   172 | D:1      | Reached XP level 2. HP: 5/19 MP: 3/3
   778 | D:3      | Reached XP level 3. HP: 24/24 MP: 5/5
   784 | D:2      | Learned a level 1 spell: Sting
  1005 | D:2      | Reached skill level 4 in Short Blades
  1083 | D:2      | Learned a level 2 spell: Shroud of Golubria
  1147 | D:2      | Noticed Robin
  1160 | D:2      | Killed Robin
  1160 | D:2      | Reached XP level 4. HP: 16/29 MP: 2/6
  1210 | D:1      | Reached skill level 1 in Poison Magic
  2174 | D:4      | Noticed an ogre
  2326 | D:3      | Noticed Terence
  2632 | D:2      | Killed Terence
  2652 | D:3      | Reached XP level 5. HP: 9/34 MP: 1/7
  2873 | D:3      | Noticed Grinder
  3186 | D:3      | Noticed a giant frog
  3204 | D:2      | Killed a giant frog
  3204 | D:2      | Reached XP level 6. HP: 24/39 MP: 7/9
  3276 | D:3      | Paralysed by Grinder for 2 turns
  3282 | D:3      | Noticed a spatial vortex
  3283 | D:3      | Paralysed by Grinder for 6 turns
  3289 | D:3      | Slain by Grinder

Action                   |  1- 3 |  4- 6 || total
-------------------------+-------+-------++-------
Melee: Short sword       |   264 |   132 ||   396
 Fire: Hunting sling     |     3 |    24 ||    27
Throw: Stone             |    12 |       ||    12
 Cast: Sting             |     9 |     1 ||    10
       Shroud of Golubri |       |     1 ||     1
  Use: Potion            |       |     2 ||     2
 Stab: Sleeping          |     3 |     2 ||     5
       Invisible         |       |     4 ||     4
  Eat: Chunk             |     2 |     6 ||     8
